[Event "*** Titled Tuesday Blitz"]
[Site "Chess.com"]
[Date "2020.05.19"]
[Round "2"]
[White "memer5334"]
[Black "26andrej26"]
[Result "0-1"]
[WhiteElo "2200"]
[BlackElo "2431"]
[TimeControl "180+1"]
[EndTime "12:20:40 PDT"]
[Termination "26andrej26 won by resignation"]

1. d4 Nf6 2. c4 g6 3. Nc3 Bg7 4. e4 d6 5. Nf3 O-O 6. h3 e5 7.
Be3 exd4 8. Nxd4 Re8 9. Bd3 Na6 10. Nb3 Nb4 11. Bb1 Bd7 12. O-O Qc8 13. Re1 b6 14.
Bd4 Qa6 15. Nd5 Nbxd5 16. cxd5 c5 17. Bc3 b5 18. a4 bxa4 19. Nd2 Rab8 20. Nf3 Nh5 21.
Bxg7 Kxg7 22. Bd3 Qb6 23. g4 Nf4 24. Qd2 Nxh3+ 25. Kh2 Bxg4 26. Qc3+ f6 27. e5 fxe5 28. Nd2 Qb4 29. Qxb4 Rxb4 30. f3 Bd7 31. Ne4 Nf4 32. Bc2 Reb8 33. b3 axb3 34. Rxa7 b2 35. Rxd7+ Kh6 36.
Rb1 Ne2 37. Nf6 Kg5 38. Nxh7+ Kf4 39. Rf7+ Ke3 40. Bxg6 Nc3 41. Re1+ Kd2 42. Rg1 b1=Q 43. Bxb1 Rxb1 44. Rg2+ Ke3 45. Nf6 R1b2 46. Ng4+ Kd4 47.
Rxb2 Rxb2+ 48. Kg3 Nxd5 49. Re7 Nf4 50. Nf6 Rg2+ 51.
Kh4 Rh2+ 52. Kg5 Rg2+ 53. Kf5 Ne2 54. Rd7 Ke3 55. Rxd6 Nd4+ 56. Kxe5 Nxf3+ 57. Ke6 c4 58. Nd5+ Kf2 59. Nc3 Rg6+ 60. Kd5 Rg4 61. Re6 Rd4+ 62. Kc5 Rd3 63. Ne4+ Kg2 64. Kxc4 Rd4+ 65. Kc5 Rd8 66. Nd6 Rg8 67. Kd5 Rg3 68. Rh6 Rg5+ 69. Kc6 Ne5+ 70.
Kc7 Rg7+ 71. Kb6 Rg3 72. Nf5 Rg5 73. Ne3+ Kf3 74. Nd5 Ke4 75. Nf6+ Kf5 76. Ne8 Ng4 77.
Rh7 Rg6+ 78. Kb5 Rg8 79. Rf7+ Kg6 80. Rd7 Rxe8 81. Rd6+ Nf6 82. Rd1 Kf5 83. Rf1+ Kg6 84. Rg1+ Kf7 85. Rf1 Re5+ 86. Kc6 Ke6 87. Rh1 Re4 88. Rh6 Rc4+ 89. Kb5 Rc1 90. Rh8 Ke5 91. Re8+ Nxe8 0-1

[Event "*** Titled Tuesday Blitz"]
[Site "Chess.com"]
[Date "2020.05.19"]
[Round "2"]
[White "VojtechPlat"]
[Black "vinniethepooh"]
[Result "1-0"]
[WhiteElo "2890"]
[BlackElo "2551"]
[TimeControl "180+1"]
[EndTime "12:20:44 PDT"]
[Termination "VojtechPlat won by resignation"]

1. e4 c5 2. Nf3 d6 3. c3 Nf6 4.
Bc4 g6 5. Qe2 Bg7 6. O-O O-O 7. h3 e6 8. d3 b6 9. a4 a6 10. Bg5 h6 11. Bxf6 Qxf6 12. Nbd2 Bb7 13. Rfe1 Nd7 14. Bb3 Rfe8 15. Nc4 Qe7 16. Rad1 Rac8 17.
Ne3 Ne5 18. Nd2 Nc6 19. f4 b5 20. f5 b4 21. fxe6 fxe6 22. Rc1 Kh7 23. Nf3 Na5 24. Ba2 b3 25. Bb1 Bc6 26. d4 Bxa4 27. Qxa6 Qb7 28. Qe2 cxd4 29. Nxd4 e5 30. Nf3 Bc6 31. Nd5 Rf8 32.
Rcd1 Rf7 33. Rf1 Rcf8 34. Nh2 Bb5 35. Bd3 Qa7+ 36. Kh1 Bc6 37. Rxf7 Qxf7 38. Rf1 Qb7 39. Rxf8 Bxf8 40. Ng4 Bg7 41. Qf3 Bxd5 42. exd5 Qe7 43.
Nf2 Nb7 44. Ne4 Nc5 45. Nxc5 dxc5 46. Qg4 Qd6 47. h4 Bf8 48. h5 Be7 49. Bxg6+ Kh8 50. Be4 Qf6 51. g3 Qf1+ 52. Kh2 Qf2+ 53. Kh3 Qf1+ 54.
Bg2 Qf6 55. Qd7 Qd6 56. Qe8+ Kg7 57. Be4 Qf6 58. Bg6 Bd6 59. Qd7+ Qe7 60. Qf5 Qf6 61. Qd3 Qf2 62. Be4 Qf6 63. Qf3 Qxf3 64. Bxf3 Kf6 65. Be4 c4 66. Bf3 Bc5 67. Be2 Be3 68. Bxc4 Bc1 69. Bxb3 Bxb2 70. c4 Bd4 71. Kg2 e4 72. Bd1 Ke5 73. Kf1 Bc5 74. Ke2 Kd4 75. Bb3 Bd6 76. g4 Be7 77. Ba2 Bd6 78. Bb1 Be7 79.
Bc2 Bd6 80. g5 hxg5 81. h6 Kc5 82. h7 Be5 83. Bxe4 g4 84. Kf2 g3+ 85. Kg2 Kd6 86.
Kh3 Kc5 87. Kg4 Kd6 88. Kf5 Bd4 89. Kg6 Kc5 90. Kf7 Kxc4 91. d6 1-0

[Event "*** Titled Tuesday Blitz"]
[Site "Chess.com"]
[Date "2020.05.19"]
[Round "2"]
[White "Nara_Kh"]
[Black "BernardoRoselli"]
[Result "1/2-1/2"]
[WhiteElo "2281"]
[BlackElo "2458"]
[TimeControl "180+1"]
[EndTime "12:21:14 PDT"]
[Termination "Game drawn by stalemate"]

1. e4 c5 2. Nf3 e6 3. d4 cxd4 4. Nxd4 Nf6 5. Nc3 Nc6 6. Ndb5 Bb4 7. a3 Bxc3+ 8. Nxc3 d5 9. exd5 exd5 10. Bd3 O-O 11. O-O d4 12. Ne2 Re8 13. h3 h6 14. Ng3 Qd5 15. Bd2 Bd7 16. c4 Qd6 17. b4 Ne5 18. Qc2 Nxd3 19. Qxd3 b6 20. Bc3 Rac8 21. Bxd4 Be6 22. Rac1 Red8 23. Rfd1 Qf4 24. c5 bxc5 25. bxc5 h5 26. Qe3 Nd5 27. Qxf4 Nxf4 28. Be3 Nd3 29. Rc3 Ne5 30. Rxd8+ Rxd8 31. Ne4 Rd1+ 32. Kh2 Bd5 33. Nd6 h4 34. Nb5 a6 35. Nc7 Bc6 36. Nxa6 f6 37. Nb4 Be4 38. c6 Rd8 39. c7 Rc8 40. Bb6 g5 41. a4 Kf7 42. a5 Ke6 43. Na6 Nd7 44.
Nc5+ Nxc5 45. Rxc5 Bb7 46. Rc3 Ba6 47. Rc6+ Ke7 48.
Rc1 Ke6 49. Re1+ Kf5 50. Rc1 Ke6 51. g3 hxg3+ 52. Kxg3 Rh8 53. f4 Bc8 54. fxg5 fxg5 55. Rd1 Kf6 56. Rd8 Rxh3+ 57. Kg2 Bg4 58. c8=Q Bxc8 59. Rxc8 Ra3 60. Rc6+ Kf5 61. Rc5+ Kg4 62. Rc4+ Kf5 63. Rc5+ Ke4 64. Rxg5 Kd3 65. Rd5+ Kc4 66.
Rd8 Kb5 67. Kf2 Ka6 68. Ke2 Rc3 69. Kd2 Rc6 70. Kd3 Kb5 71. Ra8 Rc1 72. Kd2 Rc4 73. Bd8 Ra4 74. Rb8+ Ka6 75. Kc3 Ra3+ 76. Kb4 Ra1 77. Rb6+ Ka7 78. Rd6 Rb1+ 79. Ka4 Ra1+ 80.
Kb3 Rb1+ 81. Ka2 Rb5 82. Ka3 Rb1 83. Rd5 Ra1+ 84. Kb4 Rb1+ 85. Kc5 Rc1+ 86. Kd6 Rb1 87.
Kc6 Rc1+ 88. Kd7 Rb1 89. Bb6+ Ka6 90. Kc8 Rc1+ 91. Kb8 Rc8+ 92. Kxc8 1/2-1/2

[Event "*** Titled Tuesday Blitz"]
[Site "Chess.com"]
[Date "2020.05.19"]
[Round "3"]
[White "wanyaland"]
[Black "robertofabregas"]
[Result "1-0"]
[WhiteElo "2333"]
[BlackElo "2120"]
[TimeControl "180+1"]
[EndTime "12:23:27 PDT"]
[Termination "wanyaland won by resignation"]

1. d4 Nf6 2. c4 e6 3. Nc3 Bb4 4. Qc2 c5 5. dxc5 Na6 6. g3 Nxc5 7. Bg2 Rb8 8. Nf3 b6 9. Bf4 d6 10. Rd1 Nce4 11. Qa4+ Bd7 12. Qxb4 1-0

[Event "*** Titled Tuesday Blitz"]
[Site "Chess.com"]
[Date "2020.05.19"]
[Round "3"]
[White "SantoBlue"]
[Black "valeriocarnicelli"]
[Result "0-1"]
[WhiteElo "2776"]
[BlackElo "2556"]
[TimeControl "180+1"]
[EndTime "12:23:42 PDT"]
[Termination "valeriocarnicelli won by checkmate"]

1. e4 e5 2. Nf3 Nc6 3. Bc4 Bc5 4. c3 Nf6 5. d4 exd4 6. e5 d5 7.
Bb5 Ne4 8. cxd4 Bb6 9. Nc3 O-O 10.
Be3 Bg4 11. h3 Bxf3 12. gxf3 Ng5 13. f4 Ne6 14. Bxc6 bxc6 15. f5 Nxd4 16. Bxd4 c5 17. Be3 d4 18. Qg4 dxe3 19. f6 Qd2+ 20. Kf1 Qxf2# 0-1

[Event "*** Titled Tuesday Blitz"]
[Site "Chess.com"]
[Date "2020.05.19"]
[Round "3"]
[White "poummba"]
[Black "AGW2016"]
[Result "1-0"]
[WhiteElo "2444"]
[BlackElo "2228"]
[TimeControl "180+1"]
[EndTime "12:23:49 PDT"]
[Termination "poummba won by resignation"]

1. e4 c5 2. Nf3 d6 3. Nc3 Nf6 4. e5 dxe5 5. Nxe5 Nbd7 6. d4 cxd4 7. Qxd4 Nxe5 8. Qxe5 e6 9. Bf4 Bd7 10. O-O-O Bb4 11. Ne4 Qe7 12. Bg5 Rc8 13. Bxf6 gxf6 14. Nxf6+ 1-0

[Event "*** Titled Tuesday Blitz"]
[Site "Chess.com"]
[Date "2020.05.19"]
[Round "3"]
[White "Aikiigm"]
[Black "MilanJeremic"]
[Result "1-0"]
[WhiteElo "2512"]
[BlackElo "2279"]
[TimeControl "180+1"]
[EndTime "12:23:51 PDT"]
[Termination "Aikiigm won by resignation"]

1. d4 d5 2. Nf3 Nf6 3. Bf4 e6 4. e3 Ne4 5. Nbd2 f5 6. Nxe4 fxe4 7. Ne5 g6 8. h4 Bg7 9. h5 g5 10. h6 Bxe5 11. Qh5+ Ke7 12. Bxe5 Rg8 13. Bg7 Kd7 14. Rh3 c5 15. Rg3 cxd4 16. exd4 Qa5+ 17. c3 Kc7 18.
Qf7+ Bd7 19. Qxg8 Qb6 20. O-O-O Qa5 21. Be5+ Kc6 22. Kb1 1-0

[Event "*** Titled Tuesday Blitz"]
[Site "Chess.com"]
[Date "2020.05.19"]
[Round "3"]
[White "GMSrinath"]
[Black "jerry_77"]
[Result "0-1"]
[WhiteElo "2785"]
[BlackElo "2467"]
[TimeControl "180+1"]
[EndTime "12:23:53 PDT"]
[Termination "jerry_77 won by checkmate"]

1. e4 c6 2. Nf3 d5 3. d3 dxe4 4.
dxe4 Qxd1+ 5. Kxd1 Bg4 6. Nd2 Nd7 7. h3 Bh5 8. g4 Bg6 9. Nh4 O-O-O 10. Bg2 Nc5 11.
Ke2 Nf6 12. Nxg6 hxg6 13. b3 Ne6 14. c3 Nf4+ 15. Kf3 Rd3+ 16. Kxf4 e5+ 17. Kg5 Nh7+ 18. Kh4 Be7+ 19. g5 Bxg5+ 20. Kg4 Nf6+ 21. Kxg5 Rh5# 0-1

[Event "*** Titled Tuesday Blitz"]
[Site "Chess.com"]
[Date "2020.05.19"]
[Round "3"]
[White "Kensei26"]
[Black "andriipalchuk"]
[Result "1-0"]
[WhiteElo "2264"]
[BlackElo "1881"]
[TimeControl "180+1"]
[EndTime "12:23:59 PDT"]
[Termination "Kensei26 won by resignation"]

1. e4 c6 2. d4 d5 3. e5 c5 4.
dxc5 Nc6 5. Bb5 Qa5+ 6. Nc3 e6 7. a3 Bxc5 8. Nf3 Ne7 9. O-O O-O 10. Bg5 Qb6 11. b4 Bd4 12. Nxd4 Nxd4 13. Bxe7 Nxb5 14.
Nxb5 Qxb5 15. Bxf8 Kxf8 16. c4 Qxc4 17. Rc1 Qa6 18.
Rc7 b6 19. Qh5 1-0

[Event "*** Titled Tuesday Blitz"]
[Site "Chess.com"]
[Date "2020.05.19"]
[Round "3"]
[White "pirulillo"]
[Black "sommerpower"]
[Result "0-1"]
[WhiteElo "2235"]
[BlackElo "2455"]
[TimeControl "180+1"]
[EndTime "12:24:00 PDT"]
[Termination "sommerpower won by resignation"]

1. e4 c5 2. Nf3 e6 3. d3 d5 4.
Nbd2 Nc6 5. g3 Nf6 6. Bg2 g6 7. O-O Bg7 8. Re1 O-O 9. Qe2 b5 10. e5 Ng4 11. Nf1 Ngxe5 12. Bf4 Nxf3+ 13. Bxf3 Nd4 0-1

[Event "*** Titled Tuesday Blitz"]
[Site "Chess.com"]
[Date "2020.05.19"]
[Round "3"]
[White "WiktoriaPOL"]
[Black "Bad4life"]
[Result "0-1"]
[WhiteElo "2005"]
[BlackElo "2291"]
[TimeControl "180+1"]
[EndTime "12:24:19 PDT"]
[Termination "Bad4life won by resignation"]

1. c4 e5 2. Nc3 Nf6 3. Nf3 Nc6 4. e4 Bb4 5. d3 d6 6. a3 Bxc3+ 7. bxc3 O-O 8. g3 Nd7 9. Bg2 Nc5 10. O-O f5 11. Rb1 Kh8 12. exf5 Bxf5 13. Ne1 Qd7 14. Be3 Nd8 15. Bxc5 dxc5 16. Bxb7 Nxb7 17. Rxb7 Bh3 18. Ng2 Qc6 19. f3 Qxb7 0-1

[Event "*** Titled Tuesday Blitz"]
[Site "Chess.com"]
[Date "2020.05.19"]
[Round "3"]
[White "Grandelicious"]
[Black "woodhy"]
[Result "1-0"]
[WhiteElo "2749"]
[BlackElo "2445"]
[TimeControl "180+1"]
[EndTime "12:24:24 PDT"]
[Termination "Grandelicious won by resignation"]

1. Nf3 b6 2. d4 Bb7 3. Bg5 Nf6 4. Bxf6 gxf6 5. g3 f5 6. Bg2 e6 7. c4 Bb4+ 8. Nc3 Rg8 9. Qd2 Qf6 10. O-O f4 11. e3 fxg3 12. fxg3 Qe7 13. Ne5 Bxg2 14.
Qxg2 1-0

[Event "*** Titled Tuesday Blitz"]
[Site "Chess.com"]
[Date "2020.05.19"]
[Round "3"]
[White "dougie47"]
[Black "MusicCityMaster"]
[Result "1-0"]
[WhiteElo "2163"]
[BlackElo "2324"]
[TimeControl "180+1"]
[EndTime "12:24:29 PDT"]
[Termination "dougie47 won by resignation"]

1. Nf3 Nf6 2. c4 c5 3. Nc3 Nc6 4. e3 g6 5. d4 cxd4 6. exd4 d5 7. cxd5 Nxd5 8. Qb3 Nxc3 9. Bc4 e6 10. Qxc3 Bg7 11.
Bg5 1-0

[Event "*** Titled Tuesday Blitz"]
[Site "Chess.com"]
[Date "2020.05.19"]
[Round "3"]
[White "EugeneRougon"]
[Black "dbrankovic68"]
[Result "1-0"]
[WhiteElo "2753"]
[BlackElo "2349"]
[TimeControl "180+1"]
[EndTime "12:24:33 PDT"]
[Termination "EugeneRougon won by resignation"]

1. e4 c5 2. Nf3 Nc6 3. Bb5 g6 4. Bxc6 dxc6 5. d3 Bg7 6. h3 e5 7. Nc3 Qe7 8. O-O Nf6 9. Nh2 Nd7 10. f4 exf4 11. Bxf4 Nf8 12. e5 Ne6 13. Bg3 h5 14. Ne4 O-O 15. Nf6+ Bxf6 16. exf6 Qd8 17. Qd2 Kh7 18.
Rae1 Rh8 19. Nf3 Kg8 20. Ne5 h4 21. Bh2 Rh5 22. Kh1 Nd4 23. Nxg6 fxg6 24. f7+ Kf8 25. Bd6+ Qxd6 26. Re8+ Kg7 27. Rg8+ Kh7 28. f8=Q 1-0

[Event "*** Titled Tuesday Blitz"]
[Site "Chess.com"]
[Date "2020.05.19"]
[Round "3"]
[White "EnergeticHay"]
[Black "Justinz"]
[Result "1-0"]
[WhiteElo "2160"]
[BlackElo "2321"]
[TimeControl "180+1"]
[EndTime "12:24:47 PDT"]
[Termination "EnergeticHay won by resignation"]

1. e4 c5 2. Nf3 d6 3. d4 cxd4 4. Nxd4 Nf6 5. Nc3 a6 6. h3 e6 7. g4 Nfd7 8. g5 Be7 9. h4 Qc7 10. h5 Nc6 11. Be3 b5 12. a3 Bb7 13. Rg1 g6 14. f4 Nc5 15. f5 Nxd4 16. Qxd4 e5 17. Nd5 Qc6 18. Qb4 Nxe4 19. O-O-O Rc8 20. Qxe4 gxf5 21.
Qxf5 1-0

[Event "*** Titled Tuesday Blitz"]
[Site "Chess.com"]
[Date "2020.05.19"]
[Round "3"]
[White "Elbek_Jumanov"]
[Black "GothamChess"]
[Result "1/2-1/2"]
[WhiteElo "2417"]
[BlackElo "2628"]
[TimeControl "180+1"]
[EndTime "12:24:56 PDT"]
[Termination "Game drawn by agreement"]

1. c4 e6 2. Nf3 b6 3. g4 Bb7 4. Bg2 Nf6 5. h3 c5 6. Nc3 d5 7.
cxd5 Nxd5 8. d3 Nxc3 9. bxc3 Nd7 10. O-O Bd6 11. e4 Qc7 12. Qe2 O-O 13. d4 cxd4 14. cxd4 e5 15. d5 Nc5 16. Nh4 Ba6 17. Qf3 Bxf1 18. Bxf1 g6 19. Bh6 Rfe8 20. Qf6 Bf8 21.
Bxf8 Rxf8 22. Nf5 1/2-1/2

[Event "*** Titled Tuesday Blitz"]
[Site "Chess.com"]
[Date "2020.05.19"]
[Round "3"]
[White "rogapa"]
[Black "Er_is_geen_hoop_meer"]
[Result "1-0"]
[WhiteElo "2696"]
[BlackElo "2408"]
[TimeControl "180+1"]
[EndTime "12:24:59 PDT"]
[Termination "rogapa won by resignation"]

1. e4 g6 2. d4 Bg7 3. Nc3 d6 4.
f4 Nd7 5. Nf3 c5 6. Bc4 Nh6 7.
d5 O-O 8. O-O a6 9. a4 Rb8 10.
Qe1 Qa5 11. Bd2 b5 12. axb5 Qd8 13. bxa6 Nb6 14. Bb5 f5 15. a7 Ra8 16. Bc6 fxe4 17. Nxe4 Bxb2 18. Rb1 Bg7 19. Bxa8 Nxa8 20. Rb8 Nc7 21.
Ba5 Bb7 22. Rxd8 1-0

[Event "*** Titled Tuesday Blitz"]
[Site "Chess.com"]
[Date "2020.05.19"]
[Round "3"]
[White "Kildepiotr"]
[Black "GMHess"]
[Result "0-1"]
[WhiteElo "2573"]
[BlackElo "2809"]
[TimeControl "180+1"]
[EndTime "12:25:04 PDT"]
[Termination "GMHess won by resignation"]

1. Nf3 g6 2. g3 Bg7 3. d4 d6 4.
Bg2 Nf6 5. O-O O-O 6. Nbd2 Nc6 7. e4 e5 8. dxe5 Nxe5 9. Nxe5 dxe5 10. Qe2 Bg4 11. f3 Be6 12. Nc4 Qd4+ 13. Ne3 Rfd8 14. c3 Qb6 15. Qf2 Rd7 16. Re1 Rad8 17. Bf1 Bf8 18.
Nc4 Bxc4 19. Bxc4 Bc5 20. Be3 Bxe3 21. Rxe3 Rd2 22. Re2 Qxb2 23. Rae1 Qxc3 24. Bb3 Rxe2 25. Rxe2 Qd4 26. Qxd4 Rxd4 27. f4 Rxe4 28. Rxe4 Nxe4 29.
fxe5 Nc5 30. Bc4 c6 31. Kf2 b5 32. Be2 Nd7 0-1

[Event "*** Titled Tuesday Blitz"]
[Site "Chess.com"]
[Date "2020.05.19"]
[Round "3"]
[White "spela91"]
[Black "Stronger1799"]
[Result "0-1"]
[WhiteElo "2029"]
[BlackElo "2302"]
[TimeControl "180+1"]
[EndTime "12:25:09 PDT"]
[Termination "Stronger1799 won by resignation"]

1. d4 Nf6 2. c4 g6 3. Nc3 d5 4. Nf3 Bg7 5. Qb3 dxc4 6. Qxc4 O-O 7. e4 Nfd7 8. Be2 Nb6 9. Qd3 f5 10. e5 Nc6 11. a3 Be6 12. Qd1 Qd7 13. h4 Rad8 14. Ng5 Nxd4 15. Nxe6 Qxe6 16. Bd2 Nb3 0-1

[Event "*** Titled Tuesday Blitz"]
[Site "Chess.com"]
[Date "2020.05.19"]
[Round "3"]
[White "TheBigBadChessDad"]
[Black "Anna_Ko_Rnd"]
[Result "1-0"]
[WhiteElo "2260"]
[BlackElo "1640"]
[TimeControl "180+1"]
[EndTime "12:25:09 PDT"]
[Termination "TheBigBadChessDad won by resignation"]

1. d4 Nf6 2. Nf3 e6 3. Bg5 Be7 4. Nbd2 O-O 5. e4 h6 6. Bxf6 Bxf6 7. e5 Be7 8. Bd3 c5 9. dxc5 Bxc5 10. Qe2 d6 11. Ne4 Bb4+ 12. c3 d5 13. cxb4 dxe4 14.
Qxe4 g6 15. O-O Qb6 16. Qe3 Qxe3 17. fxe3 Bd7 18. Rac1 Bc6 19. b5 Bd5 20. b3 Nd7 21.
e4 1-0

[Event "*** Titled Tuesday Blitz"]
[Site "Chess.com"]
[Date "2020.05.19"]
[Round "3"]
[White "JoakimVonAnd"]
[Black "Evgeny81"]
[Result "1-0"]
[WhiteElo "2453"]
[BlackElo "2706"]
[TimeControl "180+1"]
[EndTime "12:25:12 PDT"]
[Termination "JoakimVonAnd won by resignation"]

1. d4 e6 2. c4 Nf6 3. Nc3 Bb4 4.
e3 O-O 5. Bd3 b6 6. Ne2 Bb7 7.
a3 Bxc3+ 8. Nxc3 Bxg2 9. Rg1 Bb7 10. e4 Ne8 11. Qh5 g6 12. e5 Ng7 13. Qh3 f6 14. Ne4 Bxe4 15. Bxe4 Nc6 16. Rxg6 hxg6 17. Bxg6 Rf7 18.
Qh7+ Kf8 19. Bh6 Nxd4 20. Bxg7+ Ke7 21. Bxf6+ 1-0

[Event "*** Titled Tuesday Blitz"]
[Site "Chess.com"]
[Date "2020.05.19"]
[Round "3"]
[White "Gennady_Kozlov"]
[Black "TreinadorBR"]
[Result "1-0"]
[WhiteElo "2578"]
[BlackElo "2257"]
[TimeControl "180+1"]
[EndTime "12:25:20 PDT"]
[Termination "Gennady_Kozlov won by resignation"]

1. b3 e5 2. Bb2 d6 3. e3 Be6 4. Be2 Nd7 5. d4 c6 6. Nf3 f6 7.
c4 g6 8. Nc3 Bg7 9. Ne4 Nb6 10.
dxe5 dxe5 11. Nd6+ Kf8 12. Nxb7 Qxd1+ 13. Rxd1 Ne7 14.
Ba3 Rb8 15. Nd8 Bf5 16. Nxc6 Nc8 17. Nxb8 1-0

[Event "*** Titled Tuesday Blitz"]
[Site "Chess.com"]
[Date "2020.05.19"]
[Round "3"]
[White "Aradej"]
[Black "Efremov_Vlad"]
[Result "0-1"]
[WhiteElo "2453"]
[BlackElo "2154"]
[TimeControl "180+1"]
[EndTime "12:25:26 PDT"]
[Termination "Efremov_Vlad won by resignation"]

1. d4 d5 2. Bf4 Nf6 3. e3 e6 4.
Nf3 c5 5. c3 Nc6 6. Nbd2 cxd4 7. exd4 Nh5 8. Be3 g6 9. Bb5 Bd6 10. Ne5 Qc7 11. Ndf3 O-O 12. Bxc6 bxc6 13. O-O f6 14.
Nd3 e5 15. Nc5 e4 16. Nd2 Bxh2+ 17. Kh1 Bd6 18. Kg1 f5 19. Bh6 Ng7 20. b4 f4 21.
f3 e3 22. Ndb3 Rf7 23. Bxg7 Rxg7 24. Re1 g5 25. Kf1 g4 26. fxg4 Bxg4 27. Qc2 Rf8 28. Nd3 f3 0-1

[Event "*** Titled Tuesday Blitz"]
[Site "Chess.com"]
[Date "2020.05.19"]
[Round "3"]
[White "Vlad_Lukiianchuk"]
[Black "Zmof"]
[Result "1-0"]
[WhiteElo "2509"]
[BlackElo "2251"]
[TimeControl "180+1"]
[EndTime "12:25:33 PDT"]
[Termination "Vlad_Lukiianchuk won by resignation"]

1. d4 f5 2. c4 Nf6 3. Nc3 d6 4. Nf3 g6 5. g3 Bg7 6. Bg2 O-O 7.
O-O Qe8 8. b3 c6 9. Qc2 Na6 10.
Ba3 Bd7 11. Rfe1 h6 12. Rad1 Qf7 13. Nh4 Rad8 14. e4 fxe4 15. Nxe4 g5 16. Nxf6+ Qxf6 17. Ng6 Bf5 18. Qxf5 Qxf5 19. Nxe7+ Kh7 20. Nxf5 Rxf5 21. Be4 1-0

[Event "*** Titled Tuesday Blitz"]
[Site "Chess.com"]
[Date "2020.05.19"]
[Round "3"]
[White "Andreikka"]
[Black "mortngabriel"]
[Result "1-0"]
[WhiteElo "2959"]
[BlackElo "2460"]
[TimeControl "180+1"]
[EndTime "12:25:35 PDT"]
[Termination "Andreikka won by resignation"]

1. c4 Nf6 2. Nc3 e6 3. e4 d5 4. cxd5 exd5 5. e5 d4 6. exf6 dxc3 7. dxc3 Qxf6 8. Nf3 Bg4 9. Be2 h6 10. Qa4+ Bd7 11. Qe4+ Qe6 12. Qxb7 Bc6 13. Qb3 Bd5 14. Qc2 Bxf3 15. gxf3 f5 16. Qb3 Kf7 17. Be3 Nc6 18. Bc4 1-0

[Event "*** Titled Tuesday Blitz"]
[Site "Chess.com"]
[Date "2020.05.19"]
[Round "3"]
[White "Marty435"]
[Black "PavlovDanila"]
[Result "0-1"]
[WhiteElo "2419"]
[BlackElo "2667"]
[TimeControl "180+1"]
[EndTime "12:25:39 PDT"]
[Termination "PavlovDanila won by checkmate"]

1. e4 e6 2. d4 d5 3. Nc3 Nf6 4. e5 Nfd7 5. f4 c5 6. Nf3 Nc6 7. Be3 cxd4 8. Nxd4 Bc5 9. Qd2 O-O 10. O-O-O a6 11. h4 Nxd4 12. Bxd4 b5 13. h5 Bb7 14.
Kb1 Rc8 15. Bxc5 Nxc5 16. Bd3 f6 17. h6 g6 18. exf6 Qxf6 19. g3 d4 20. Ne2 Bxh1 21.
Rxh1 Nxd3 22. Qxd3 Qf5 23. Nxd4 Qxd3 24. cxd3 Rfd8 25.
Nxe6 Rxd3 26. Rg1 Rc6 27. Ng5 Rcd6 28. Kc2 Rd2+ 29. Kc1 R2d3 30. Re1 Rd8 31. Re7 Rc8+ 32. Kb1 Rd1# 0-1

[Event "*** Titled Tuesday Blitz"]
[Site "Chess.com"]
[Date "2020.05.19"]
[Round "3"]
[White "Gvetadze"]
[Black "BeanScreen"]
[Result "0-1"]
[WhiteElo "2404"]
[BlackElo "2617"]
[TimeControl "180+1"]
[EndTime "12:25:43 PDT"]
[Termination "BeanScreen won by resignation"]

1. e4 e5 2. Nf3 Nc6 3. Bb5 a6 4.
Ba4 d6 5. c3 Nf6 6. d3 Be7 7. O-O O-O 8. Nbd2 b5 9. Bc2 Bb7 10.
Re1 Re8 11. Nf1 Bf8 12. Ng3 Ne7 13. Bg5 Ng6 14. Nf5 h6 15. Be3 d5 16. Ng3 c5 17. a4 Rc8 18. axb5 axb5 19. exd5 Nxd5 20.
Bd2 Ndf4 21. Be3 Nxg2 22. Ne4 N2f4 23. Kh1 f5 24. Ned2 Nxd3 25. Rg1 Ngf4 26. Rg3 e4 27. Ne1 Nxf2+ 28. Bxf2 e3+ 29. Kg1 exf2+ 30. Kxf2 c4 31. Ndf3 Bc5+ 32. Nd4 Qh4 33. Kg1 Ne2+ 0-1

[Event "*** Titled Tuesday Blitz"]
[Site "Chess.com"]
[Date "2020.05.19"]
[Round "3"]
[White "Nikolaj_6"]
[Black "SubrotaBiswas"]
[Result "1-0"]
[WhiteElo "2578"]
[BlackElo "2378"]
[TimeControl "180+1"]
[EndTime "12:25:44 PDT"]
[Termination "Nikolaj_6 won by resignation"]

1. e4 e6 2. d4 d5 3. Nc3 Nf6 4. Bg5 Bb4 5. e5 h6 6. Bd2 Bxc3 7. bxc3 Ne4 8. Qg4 g6 9. Bd3 Nxd2 10. Kxd2 c5 11. Rb1 c4 12. Be2 Nc6 13. h4 h5 14. Qf4 Rb8 15. Rh3 b5 16. a3 a5 17.
Nf3 Qe7 18. Ng5 Rf8 19. Nh7 Rh8 20. Nf6+ Kd8 21. Ra1 Kc7 22. f3 b4 23. axb4 axb4 24. Qe3 bxc3+ 25. Qxc3 Qb4 26. Qxb4 Rxb4 27. Kc3 Bb7 28.
g4 hxg4 29. fxg4 Rb6 30. h5 Na7 31. Rxa7 gxh5 32. gxh5 Rb1 33. h6 Kb6 34. Ra4 Bc6 35.
Rb4+ Rxb4 36. Kxb4 Ra8 37. Ra3 Rh8 38. h7 Rb8 39. Ng8 1-0

[Event "*** Titled Tuesday Blitz"]
[Site "Chess.com"]
[Date "2020.05.19"]
[Round "3"]
[White "Nellichka"]
[Black "marabu44"]
[Result "0-1"]
[WhiteElo "1993"]
[BlackElo "2290"]
[TimeControl "180+1"]
[EndTime "12:25:44 PDT"]
[Termination "marabu44 won by resignation"]

1. d4 d5 2. c4 e6 3. Nc3 c5 4. cxd5 exd5 5. Nf3 Nf6 6. g3 Nc6 7. Bg2 Be6 8. O-O Be7 9. Bg5 O-O 10. Rc1 Rc8 11.
Qa4 c4 12. Rfd1 a6 13. Bxf6 Bxf6 14. e4 b5 15. Qxa6 Nb4 16. Qxb5 Rb8 17. Qa4 Nd3 18. Rxd3 cxd3 19. e5 Be7 20. Qd1 Rxb2 21. Ne1 d2 0-1

[Event "*** Titled Tuesday Blitz"]
[Site "Chess.com"]
[Date "2020.05.19"]
[Round "3"]
[White "Onischuk_V"]
[Black "GelmanAlexander"]
[Result "1-0"]
[WhiteElo "2830"]
[BlackElo "2581"]
[TimeControl "180+1"]
[EndTime "12:25:50 PDT"]
[Termination "Onischuk_V won by resignation"]

1. e4 c5 2. Nf3 e6 3. b3 a6 4. Bb2 d6 5. c4 Nf6 6. Nc3 b6 7. g3 Bb7 8. Bg2 Nbd7 9. O-O Nxe4 10. Nxe4 Bxe4 11. Re1 Bb7 12. d4 cxd4 13. Nxd4 Qc7 14. Nxe6 fxe6 15. Rxe6+ Kd8 16. Qe2 Nc5 17. Re8+ Kd7 18.
Bh3+ Kc6 19. Qf3+ 1-0

[Event "*** Titled Tuesday Blitz"]
[Site "Chess.com"]
[Date "2020.05.19"]
[Round "3"]
[White "wonderfultime"]
[Black "DenLaz"]
[Result "1-0"]
[WhiteElo "3009"]
[BlackElo "2663"]
[TimeControl "180+1"]
[EndTime "12:25:51 PDT"]
[Termination "wonderfultime won by resignation"]

1. d4 d5 2. c4 c6 3. Nc3 Nf6 4. e3 Bf5 5. cxd5 cxd5 6. Qb3 Bc8 7. Nf3 e6 8. Bd3 Nc6 9. O-O Be7 10. Bd2 O-O 11. Rac1 Na5 12. Qc2 Bd7 13. Ne5 Rc8 14. Qb1 Be8 15. Nxd5 Rxc1 16. Nxe7+ Qxe7 17. Rxc1 Nc6 18. a3 h6 19. Nxc6 Bxc6 20. Bb4 Qd7 21. Bxf8 Kxf8 22.
Qc2 Kg8 23. Bf1 Ne4 24. h3 Ng5 25. Qc5 a6 26. Qe5 Ne4 27. Bd3 Nf6 28. Qb8+ Ne8 29. b4 f5 30. Qe5 Nf6 31. Bc4 Nd5 32. Bxd5 Bxd5 33. Rc7 1-0

[Event "*** Titled Tuesday Blitz"]
[Site "Chess.com"]
[Date "2020.05.19"]
[Round "3"]
[White "SuperCheese"]
[Black "kleopl"]
[Result "1-0"]
[WhiteElo "2563"]
[BlackElo "2370"]
[TimeControl "180+1"]
[EndTime "12:25:53 PDT"]
[Termination "SuperCheese won by resignation"]

1. d4 Nf6 2. c4 g6 3. Nc3 d5 4. cxd5 Nxd5 5. e4 Nxc3 6. bxc3 c5 7. Be3 Bg7 8. Nf3 Nc6 9. Qd2 Bg4 10. d5 Bxf3 11. gxf3 Ne5 12. Bb5+ Kf8 13. Be2 b6 14. f4 Nd7 15. Rd1 Qc7 16. c4 Rd8 17. e5 Nb8 18. O-O f6 19. e6 Nc6 20. dxc6 Rxd2 21. Rxd2 f5 22. Rd7 Qc8 23. c7 Ke8 24. Rfd1 1-0